 Dungeon Crawl Stone Soup version 0.32-a0-768-g0f6f1dd4b9 (webtiles) character file.

Game seed: 13949492140997005734

2973 Griffin23 the Carver (level 9, 0/81 HPs)
             Began as a Minotaur Fighter on Mar 18, 2024.
             Was an Elder of Trog.
             Slain by an unseen horror (5 damage)
             ... on level 7 of the Dungeon.
             The game lasted 00:12:13 (6267 turns).

Griffin23 the Carver (Minotaur Fighter)             Turns: 6267, Time: 00:12:13

Health: 0/81       AC: 13    Str: 25    XL:     9   Next: 53%
Magic:  8/8        EV:  8    Int:  5    God:    Trog [****..]
Gold:   68         SH:  6    Dex: 16    Spells: 8/8 levels left

rFire   + . .        a - +0 long sword
rCold   + . .        c - +0 buckler
rNeg    . . .        b - +0 scale mail
rPois   +            (helmet restricted)
rElec   +            E - +1 cloak {rCorr}
rCorr   +            y - +0 pair of gloves
SInv    .            J - +0 pair of boots
Will    .....        (no amulet) Stlth
                     n - +6 ring of dexterity
HPRegen 0.33/turn    (no ring)
MPRegen 0.11/turn

%: no passive effects
@: resistant, on berserk cooldown, slowed, very slow
A: horns 2, retaliatory headbutt
a: Renounce Religion, Berserk, Trog's Hand, Brothers in Arms


You were on level 7 of the Dungeon.
You worshipped Trog.
Trog was greatly pleased with you.
You visited 1 branch of the dungeon, and saw 7 of its levels.
You also visited: Ossuary.

You collected 410 gold pieces.
You spent 342 gold pieces at shops.

Inventory:

Hand Weapons
 a - a +0 long sword (weapon)
Missiles
 i - 3 throwing nets (quivered)
 x - 5 boomerangs
Armour
 b - a +0 scale mail (worn)
 c - a +0 buckler (worn)
 l - a +0 cloak
 y - a +0 pair of gloves (worn)
 E - a +1 cloak of preservation (worn)
 J - a +0 pair of boots (worn)
Jewellery
 e - a ring of magical power
 n - a +6 ring of dexterity (left hand)
 G - a ring of positive energy
 I - a ring of fire
 L - a ring of flight
Wands
 g - a wand of flame (21)
 D - a wand of charming (9)
Scrolls
 j - 2 scrolls of amnesia
 k - 3 scrolls of teleportation
 m - 2 scrolls of fog
 o - a scroll of fear
 t - 2 scrolls of vulnerability
 w - a scroll of brand weapon {unknown}
 B - 3 scrolls of immolation {unknown}
 C - 2 scrolls of revelation {unknown}
 F - 3 scrolls of identify
 H - 5 scrolls of enchant weapon {unknown}
 K - a scroll of poison {unknown}
Potions
 d - 3 potions of might
 f - 2 potions of attraction {unknown}
 h - 3 potions of enlightenment {unknown}
 p - 5 potions of lignification
 r - 3 potions of brilliance
 s - a potion of berserk rage {unknown}
 u - 4 potions of degeneration {unknown}
 v - 2 potions of curing
 z - 2 potions of invisibility {unknown}
 A - 2 potions of cancellation {unknown}
 M - a potion of haste {unknown}


   Skills:
 + Level 8.3 Fighting
 * Level 9.7 Long Blades
 + Level 8.3 Armour
 + Level 8.2 Shields


You had 8 spell levels left.
You didn't know any spells.
Your spell library was empty.

Dungeon Overview and Level Annotations

Branches:
Dungeon (7/15)             Temple (0/1) D:7         Ossuary (visited)

Altars:
Dithmenos
Fedhas
Trog

Shops:
D:5 ?=(=!   D:6 *

Annotations:
D:7 1 runed translucent door


Innate Abilities, Weirdness & Mutations

You have a pair of horns on your head.
You reflexively headbutt those who attack you in melee.


Message History

Something hits you but does no damage. Something hits you but does no damage.
Something hits you but does no damage. Something hits you.
* * * LOW HITPOINT WARNING * * *
Something hits you but does no damage. Something hits you but does no damage.
Something hits you but does no damage. Something hits you.
* * * LOW HITPOINT WARNING * * *
You block something's attack.
You miss something. Your headbutt misses something. Something hits you.
* * * LOW HITPOINT WARNING * * *
Something hits you!
* * * LOW HITPOINT WARNING * * *
Something hits you but does no damage. Something hits you but does no damage.
You barely miss something. Your headbutt misses something.
Something hits you but does no damage.
It was a potion of resistance.
You feel protected. Something hits you but does no damage.
You feel better. Something hits you but does no damage.
You hit something. Your headbutt misses something. Something hits you.
* * * LOW HITPOINT WARNING * * *
A red film seems to cover your vision as you go berserk!
You feel yourself moving faster!
You feel mighty! Something hits you but does no damage.
You feel a strong urge to attack something.
Something hits you!
* * * LOW HITPOINT WARNING * * *
You feel your anger nearly subside. Something hits you.
* * * LOW HITPOINT WARNING * * *
You are no longer berserk.
You are exhausted.
You feel yourself slow down. You block something's attack. Something hits you.
You die...

.......#.......#..........
..........................
.......#.#.#.#.#..........
..........................
.........................#
.........................
.........................
.........................
........@................
........................# .. ..
........................#
.#.#............................#
...............................##
.#.#...........................#
..................?............#
.......................(.......##
................................#


There were no monsters in sight!

Vanquished Creatures
  Duvessa (D:7)
  A black bear (D:6)
  2 ice beasts
  2 phantoms
  A kobold brigand (D:6)
  2 bullfrogs
  2 elf zombies (Ossuary)
  A scorpion (D:6)
  5 wights (D:6)
  Dowan (D:7)
  4 howler monkeys (D:7)
  2 centaur zombies (Ossuary)
  2 hounds
  A human zombie (Ossuary)
  2 jellies
  2 bombardier beetles
  A sleepcap (D:6)
  Ijyb (D:5)
  4 iguanas (D:5)
  5 orc wizards
  4 hound zombies (Ossuary)
  2 mummies (Ossuary)
  4 gnolls
  7 adders
  A shadow imp (D:6)
  A white imp (D:7)
  4 adder zombies (Ossuary)
  2 dart slugs (D:1)
  17 orcs
  6 ball pythons
  9 endoplasms
  5 giant cockroaches
  3 gnoll zombies (Ossuary)
  2 goblins
  4 hobgoblins
  7 kobolds
  7 quokkas
  6 bats
  7 frilled lizards
  2 goblin zombies (D:4)
  7 jackal zombies (Ossuary)
  7 kobold zombies (Ossuary)
  6 orc zombies (Ossuary)
  5 rats
167 creatures vanquished.

Vanquished Creatures (collateral kills)
  A two-headed ogre (D:6)
  A steam dragon (D:7)
  An iguana (D:6)
  An orc (D:7)
4 creatures vanquished.

Grand Total: 171 creatures vanquished

Notes
Turn   | Place    | Note
-------+----------+-------------------------------------------
     0 | D:1      | Griffin23 the Minotaur Fighter began the quest for the Orb.
     0 | D:1      | Reached XP level 1. HP: 19/19 MP: 0/0
   120 | D:1      | Reached XP level 2. HP: 27/27 MP: 1/1
   180 | D:1      | Found a faded altar of an unknown god.
   192 | D:1      | Reached skill level 3 in Long Blades
   193 | D:1      | Prayed at the altar of an unknown god.
   193 | D:1      | Became a worshipper of Trog the Wrathful
   193 | D:1      | Reached * piety under Trog
   238 | D:1      | Reached XP level 3. HP: 33/33 MP: 2/2
   782 | D:2      | Reached ** piety under Trog
  1164 | D:2      | Reached XP level 4. HP: 40/40 MP: 3/3
  1320 | D:3      | Found a blossoming altar of Fedhas.
  2284 | D:4      | Found a sand-covered staircase.
  2292 | Ossuary  | Entered an ossuary
  2307 | Ossuary  | Reached XP level 5. HP: 42/47 MP: 4/4
  2367 | Ossuary  | Reached skill level 4 in Long Blades
  2385 | Ossuary  | Reached skill level 5 in Fighting
  2385 | Ossuary  | Reached skill level 5 in Armour
  2385 | Ossuary  | Reached skill level 5 in Shields
  2466 | Ossuary  | Reached *** piety under Trog
  2474 | Ossuary  | Reached XP level 6. HP: 56/56 MP: 5/5
  2825 | D:4      | Reached skill level 5 in Long Blades
  2978 | D:4      | Reached XP level 7. HP: 58/62 MP: 6/6
  3173 | D:5      | Entered Level 5 of the Dungeon
  3206 | D:5      | Found Kuziedeu's Jewellery Shoppe.
  3206 | D:5      | Found Bosupnua's Weapon Boutique.
  3211 | D:5      | Found Obaab's Jewellery Shoppe.
  3211 | D:5      | Found Kuetz's Distillery.
  3462 | D:5      | Bought a potion of heal wounds for 65 gold pieces
  3462 | D:5      | Bought a potion of curing for 39 gold pieces
  3597 | D:5      | Reached **** piety under Trog
  3622 | D:5      | Reached skill level 6 in Long Blades
  3655 | D:5      | Found Ogyosk's Magic Scroll Emporium.
  3679 | D:5      | Noticed Ijyb
  3687 | D:5      | Killed Ijyb
  3827 | D:6      | Found Geckuid's Assorted Antiques.
  3832 | D:6      | Bought an embroidered cloak for 210 gold pieces
  3832 | D:6      | Bought a scroll labelled ETEAMO LIYFF for 28 gold pieces
  3881 | D:6      | Reached XP level 8. HP: 39/71 MP: 7/7
  4062 | D:6      | Noticed a two-headed ogre
  4077 | D:6      | Killed a two-headed ogre
  4078 | D:6      | Reached skill level 7 in Long Blades
  4328 | D:6      | Found a shadowy altar of Dithmenos.
  4360 | D:6      | Reached skill level 8 in Long Blades
  4406 | D:6      | Reached XP level 9. HP: 28/76 MP: 8/8
  4410 | D:6      | HP: 3/71 [wight/+0 heavy hand axe (3)]
  5594 | D:7      | Found a staircase to the Ecumenical Temple.
  5626 | D:7      | Found a runed translucent door.
  5660 | D:7      | Noticed Duvessa
  5660 | D:7      | Noticed Dowan
  5671 | D:7      | Killed Duvessa
  5672 | D:7      | Reached skill level 9 in Long Blades
  5673 | D:7      | Killed Dowan
  6254 | D:7      | HP: 3/81 [something (9)]
  6264 | D:7      | HP: 6/121 [something (3)]
  6267 | D:7      | Slain by an unseen horror

Illustrated notes

Levels and vault maps discovered:
D:1:      minmay_arrival_jagged, layout_loops_ring,
          hellmonk_ecumenical_altar_run_dry, minmay_heptomino_w4
D:2:      layout_loops_ring
D:3:      layout_basic, mainiacjoe_overflow_alcove_4, grunt_decor_junction
D:4:      layout_basic, enter_ossuary_4
D:5:      layout_rooms, serial_shops, shop, nicolae_wooded_promenade, uniq_ijyb
D:6:      layout_basic, mainiacjoe_overflow_chevrons, serial_shops, shop
D:7:      layout_layer_cave, mainiacjoe_overflow_alcove_2, xom_redecorated,
          minmay_temple_entry_wispy, ebering_ghost_inner_flame, st_stairs_4,
          hangedman_decor_riveting, uniq_duvessa

Skill      XL: |  1  2  3  4  5  6  7  8  9 |
---------------+----------------------------+-----
Fighting       | 4 5 6 7 8 |  8.3
Armour         | 4 5 6 7 8 |  8.3
Shields        | 4 5 6 7 8 |  8.2
Long Blades    | 3 4 5 6 8 9 |  9.7

Action                     |  1- 3 |  4- 6 |  7- 9 || total
---------------------------+-------+-------+-------++-------
  Melee: Long sword        |   115 |   197 |   187 ||   499
         Headbutt          |     8 |    34 |    43 ||    85
 Invoke: Berserk           |       |     1 |     4 ||     5
         Trog's Hand       |       |     1 |       ||     1
         Brothers in Arms  |       |       |     2 ||     2
    Use: Scroll            |       |     5 |     2 ||     7
         Potion            |       |       |     4 ||     4
 Armour: Scale mail        |    98 |   218 |   239 ||   555
  Dodge: Dodged            |    78 |   102 |    88 ||   268
  Block: Buckler           |    30 |    59 |    66 ||   155

Table legend: (Time is in decaauts)
 A = Elapsed time spent in this place.
 B = Non-inter-level travel time spent in this place.
 C = Inter-level travel time spent in this place.
 D = Time resting spent in this place.
 E = Time spent auto-exploring this place.
 F = Levels seen in this place.
 G = Mean time per level.
                   A        B        C        D        E       F      G
               +--------+--------+--------+--------+--------+-----+--------+
         Total |   6384 |   6027 |    357 |    792 |   3791 |   8 |  798.0 |
       Dungeon |   5949 |   5592 |    357 |    792 |   3629 |   7 |  849.9 |
       Ossuary |    434 |    434 |      0 |      0 |    162 |   1 |  434.0 |
               +--------+--------+--------+--------+--------+-----+--------+

Top non-repeatable levels by time:
     D:6: 1580 daAuts
     D:3: 917 daAuts
     D:7: 740 daAuts
     D:1: 735 daAuts
     D:4: 682 daAuts
     D:5: 671 daAuts
     D:2: 622 daAuts
 Ossuary: 434 daAuts
